 Dungeon Crawl Stone Soup version 0.11.0-9-gb634444 (webtiles) character file.

267 unfaithfulMuskox the Magician (level 4, -2/22 HPs)
             Began as a Deep Elf Wizard on Jan 26, 2013.
             Slain by a worker ant (3 damage)
             ... on Level 4 of the Dungeon.
             The game lasted 00:04:34 (2820 turns).

unfaithfulMuskox the Magician (Deep Elf Wizard)     Turns: 2820, Time: 00:04:34

HP  -2/22        AC  2     Str  4      XL: 4   Next: 24%
MP  27/27        EV 12     Int 24      God:
Gold 183         SH  0     Dex 13      Spells:  6 memorised,  3 levels left

Res.Fire  : . . .   See Invis. : .   o - +0 glaive
Res.Cold  : . . .   Warding    : .   a - +0 elf robe
Life Prot.: . . .   Conserve   : .   (no shield)
Res.Poison: .       Res.Corr.  : .   b - +0 elf wizard hat
Res.Elec. : .       Clarity    : .   (no cloak)
Sust.Abil.: . .     Spirit.Shd : .   (no gloves)
Res.Mut.  : .       Stasis     : .   (no boots)
Res.Rott. : .       Ctrl.Telep.: .   (no amulet)
Saprovore : . . .   Levitation : .   (no ring) Ctrl.Flight: .
                                     l - ring of magical power

@: mildly poisoned, slightly resistant to hostile enchantments, fairly stealthy
A: no striking features
a: no special abilities


You were on level 4 of the Dungeon.
You were hungry.

You visited 1 branch of the dungeon, and saw 4 of its levels.

You collected 163 gold pieces.

Inventory:

Hand weapons
 o - a +0,+0 glaive (weapon)
Armour
 a - a +0 elven robe (worn)
 b - a +0 elven wizard hat (worn)
Comestibles
 j - a banana
 n - a rambutan
 J - a meat ration
 L - 2 bread rations
Scrolls
 d - a scroll of enchant armour {unknown}
 f - 4 scrolls of teleportation {unknown}
 g - 4 scrolls of remove curse {unknown}
 i - 2 scrolls of identify {unknown}
 k - a scroll of recharging {unknown}
 m - a scroll of fog {unknown}
Jewellery
 l - a ring of magical power (left hand)
Potions
 e - 2 potions of curing {unknown}
 h - a potion of mutation {unknown}
 q - a potion of heal wounds {unknown}
Books
 c - a book of Minor Magic

   Spells                             Type                      Level
   *Magic Dart                        Conjuration                  1
   *Blink                             Translocation                2
   *Call Imp                          Summoning                    2
   *Repel Missiles                    Charms/Air                   2
   Slow                               Hexes                        2
   *Conjure Flame                     Conjuration/Fire             3
   *Mephitic Cloud                    Conjuration/Poison/Air       3


   Skills:
 - Level 2.4 Dodging
 - Level 2.4 Stealth
 + Level 6.8 Spellcasting
 - Level 1.1 Conjurations
 - Level 1.1 Summonings
 - Level 1.1 Translocations


You had 3 spell levels left.
You knew the following spells:

 Your Spells              Type           Power        Failure   Level  Hunger
a - Magic Dart            Conj           ###..        6%          1    None
b - Blink                 Tloc           N/A          10%         2    None
c - Repel Missiles        Chrm/Air       ##........   12%         2    None
d - Call Imp              Summ           ###.......   10%         2    None
e - Mephitic Cloud        Conj/Pois/Air  ##.......    21%         3    None
f - Conjure Flame         Conj/Fire      ###......    21%         3    None


Dungeon Overview and Level Annotations

Branches:
Dungeon (4/27)
 Temple: D:4-7

Altars:


Message History

Aiming: Magic Dart
Press: ? - help, Shift-Dir - straight line, f/p - hound
Aim: a hound (severely wounded)
The magic dart hits the hound.
You kill the hound!
You have reached level 4!
You feel clever.
You start resting.
You are feeling hungry.
You start resting.
Magic restored.
You start resting.
There is a stone staircase leading down here.
You climb downwards.
The worker ant bites you!
You are poisoned.
The worker ant poisons you! The worker ant bites you!
* * * LOW HITPOINT WARNING * * *
There is a stone staircase leading up here.
The worker ant bites you.
You die...

. ..?. $$...
.... ... ..
#. .
###.####.....
#...@....$...
#.###a.#....w
..# # ....
.#### .# .#
w# .


You could see 2 worms and a worker ant.

Vanquished Creatures
  A hound (D:3)
  2 giant geckos
  An orc (D:2)
  2 ball pythons
  2 giant cockroaches
  10 goblins
  11 hobgoblins
  4 kobolds (D:2)
  4 bats
  7 giant newts
  5 rats
  2 toadstools (D:2)
51 creatures vanquished.

Vanquished Creatures (others)
  A rat (D:2)
  2 toadstools
3 creatures vanquished.

Grand Total: 54 creatures vanquished

Notes
Turn   | Place    | Note
--------------------------------------------------------------
     0 | D:1      | unfaithfulMuskox, the Deep Elf Wizard, began the quest for the Orb.
     0 | D:1      | Reached XP level 1. HP: 8/8 MP: 7/7
   385 | D:1      | Reached skill level 5 in Spellcasting
   414 | D:1      | Reached XP level 2. HP: 11/13 MP: 1/10
  1128 | D:2      | Reached XP level 3. HP: 15/17 MP: 7/14
  1537 | D:2      | Learned a level 2 spell: Blink
  1540 | D:2      | Learned a level 2 spell: Repel Missiles
  1544 | D:2      | Learned a level 3 spell: Mephitic Cloud
  1548 | D:2      | Learned a level 3 spell: Conjure Flame
  1551 | D:2      | Learned a level 2 spell: Call Imp
  1623 | D:2      | Reached skill level 6 in Spellcasting
  2676 | D:3      | Reached XP level 4. HP: 6/22 MP: 18/18
  2819 | D:4      | HP: 1/22 [worker ant (8)]
  2820 | D:4      | Slain by a worker ant
